 Dungeon Crawl Stone Soup version 0.22-a0-271-gc000056 (webtiles) character file.

60474 varam the Unseen (level 14, -17/77 HPs)
             Began as a Spriggan Enchanter on Mar 11, 2018.
             Was an Initiate of Gozag.
             Killed from afar by an ogre mage (43 damage)
             ... with a bolt of lightning
             ... on level 2 of the Orcish Mines.
             The game lasted 01:47:31 (24541 turns).

varam the Unseen (Spriggan Enchanter)              Turns: 24541, Time: 01:47:32

Health: -17/77     AC:  6    Str:  6    XL:     14   Next: 57%
Magic:  15/24      EV: 29    Int: 18    God:    Gozag
Gold:   4927       SH:  7    Dex: 18    Spells: 14/25 levels left

rFire    . . .     SeeInvis +   y - +8 short sword of Fouciuck {pierce, +Rage +Fly Stlth+}
rCold    . . .     Gourm    .   h - +0 buckler
rNeg     + . .     Faith    .   S - +2 robe {rN+}
rPois    .         Spirit   .   Z - +0 hat
rElec    .         Reflect  .   (no cloak)
rCorr    .         Harm     .   (gloves unavailable)
MR       ++...                  (boots unavailable)
Stlth    +++++++++.             e - amulet of the acrobat
HPRegen  0.22/turn              M - +2 ring of protection
MPRegen  0.19/turn              B - ring of wizardry

@: gold aura, very quick
A: very small, unfitting armour, see invisible, herbivore, speed 3, slow
metabolism 2
a: Potion Petition, Call Merchant, Bribe Branch, Renounce Religion, Evoke
Berserk Rage, Evoke Flight


You were on level 2 of the Orcish Mines.
You worshipped Gozag.
Gozag was most pleased with you.
You were not hungry.

You visited 4 branches of the dungeon, and saw 22 of its levels.

You collected 5778 gold pieces.
You spent 80 gold pieces at shops.
You paid 771 gold pieces to Gozag.

Inventory:

Hand Weapons
 y - the +8 short sword of Fouciuck (weapon) {pierce, +Rage +Fly Stlth+}
   (You found it on level 4 of the Dungeon)

   It inflicts extra damage upon your enemies.
   It lets you fly.
   It lets you go berserk.
   It makes you more stealthy.
 T - a +4 scimitar of flaming
Missiles
 b - 66 arrows
 s - a throwing net (quivered)
 O - 5 curare-tipped needles
Armour
 h - a +0 buckler (worn)
 r - a +1 robe of the Archmagi
 C - the +1 ice dragon scales "Ocwaempi" {rF- rC++ MR+ rCorr Dex+8}
   (You found it on level 4 of the Lair of Beasts)

   It affects your dexterity (+8).
   It makes you vulnerable to fire.
   It greatly protects you from cold.
   It affects your resistance to hostile enchantments.
   It protects you from acid and corrosion.
 S - a +2 robe of positive energy (worn)
 Z - a +0 hat (worn)
Jewellery
 e - an amulet of the acrobat (around neck)
 f - an uncursed amulet of rage
 B - a ring of wizardry (right hand)
 M - a +2 ring of protection (left hand)
Wands
 a - a wand of flame (40)
 o - a wand of enslavement (15)
 I - a wand of disintegration (5)
 J - a wand of iceblast (1)
 V - a wand of paralysis (30)
 W - a wand of acid (7)
Scrolls
 k - a scroll of fear
 q - 4 scrolls of magic mapping
 u - 10 scrolls of remove curse
 F - 4 scrolls of teleportation
 K - a scroll of blinking
 N - a scroll of fog
Potions
 i - 4 potions of agility
 m - 5 potions of curing
 p - 2 potions of heal wounds
 t - 8 potions of might
 v - a potion of invisibility
 x - 2 potions of haste
 H - a potion of resistance
Miscellaneous
 D - a lightning rod (4/4)
 P - a phial of floods
 R - a lamp of fire
Comestibles
 d - 25 rations


   Skills:
 - Level 10.0 Fighting
 - Level 10.0 Short Blades
 + Level 13.0 Dodging
 + Level 20.4 Stealth
 - Level 4.0 Shields
 - Level 6.1 Spellcasting
 - Level 10.0 Hexes
 - Level 4.0 Transmutations
 - Level 10.0 Evocations


You had 14 spell levels left.
You knew the following spells:

 Your Spells              Type           Power        Failure   Level  Hunger
a - Corona                Hex            #####..      1%          1    None
b - Ensorcelled Hibernat  Hex/Ice        ###...       1%          2    None
c - Confuse               Hex            #####...     1%          3    ##.....
d - Dazzling Spray        Conj/Hex       ###...       2%          3    ##.....
e - Sticks to Snakes      Tmut           ###.....     1%          2    None


Dungeon Overview and Level Annotations

Branches:
Dungeon (13/15)            Temple (1/1) D:7            Lair (6/6) D:11
 Shoals (0/4) Lair:4       Spider (0/4) Lair:4        Slime (0/5) Lair:6
    Orc (2/2) D:11            Elf (0/3) Orc:2
 Vaults: D:13-14

Altars:
Ashenzari
Cheibriados
Dithmenos
Elyvilon
Fedhas
Gozag
Hepliaklqana
Kikubaaqudgha
Makhleb
Nemelex Xobeh
Okawaru
Qazlal
Ru
Sif Muna
Trog
Uskayaw
Vehumet
Wu Jian
Xom
Yredelemnul
Zin
The Shining One
Jiyva

Shops:
D:11 ?   Orc:2 }

Annotations:
D:5 exclusion: door
D:9 Grum
D:12 Harold


Innate Abilities, Weirdness & Mutations

You are very small and have problems with some larger weapons.
You are too small for most types of armour.
You have supernaturally acute eyesight. (SInv)
You are a herbivore.
You cover ground extremely quickly.
You need to consume almost no food.


Message History

You resist with almost no effort.
Your adder bites the orc.
The orc is poisoned.
Your adder poisons the orc!
Your ball python barely misses the ogre.
The ogre mage is distracted by the nearby gold.
Your orc wizard hits the ogre mage with a dagger.
The ogre mage is no longer distracted by gold.
The ogre mage shouts!
Your adder closely misses the orc.
The orc closely misses your adder.
Your ball python barely misses the ogre.
The ogre mage casts a spell at you. The bolt of lightning misses you.
Something hits the ogre mage but does no damage.
Something hits your ball python!!
Your ball python dies!
There is a stone staircase leading up here.
The ogre mage casts a spell at you. The bolt of lightning hits you!
Ouch! That really hurt!
You die...
Your body crumbles into a pile of gold.

...$..$...............
...............#........
......$..................
#............$.##........
.........................
.........................
..............$$.......#.
.....#........)$.<......#
.........#.O....@.......#
......o$.O.....$.........
.....$$S$.....#..........
......o$$................
......O.......#..........
..$$$............#.......
..$∩$.............#......
..$$$.........#.........
..............##.....#


You could see an ogre mage and an ogre.

Vanquished Creatures
  Gastronok (D:12)
  An orc warlord (Orc:1)
  Erolcha (D:9)
  6 hydras
  The ghost of Duffy the Covert, a journeyman SpEn of Gozag (Lair:4)
  2 catoblepae
  3 two-headed ogres
  Erica (D:8)
  A deep troll shaman (Lair:6)
  An ogre mage (Orc:2)
  8 death yaks
  Urug (D:12)
  The ghost of ThereIsNoGod the Thaumaturge, a novice SpVM of Gozag (D:9)
  An unseen horror (D:11)
  2 lindwurms
  An orc knight (Orc:1)
  2 orc sorcerers (Orc:1)
  An ugly thing (D:11)
  A cyclops (D:11)
  12 elephants
  3 centaur zombies
  A torpor snail (Lair:6)
  7 black mambas
  15 spiny frogs
  5 komodo dragons
  A troll (Orc:1)
  A jumping spider (Lair:4)
  2 polar bears
  12 hippogriffs
  A dream sheep (Lair:6)
  15 blink frogs
  A snapping turtle (Lair:4)
  A redback (Lair:4)
  A shadow (D:11)
  3 wyverns
  8 basilisks (Lair:5)
  A vampire (D:12)
  21 yaks
  3 wargs (Orc:1)
  A soldier ant (D:10)
  2 hell hounds (Lair:5)
  5 water moccasins
  11 porcupines
  18 orc warriors
  3 ice beasts
  A sky beast (D:5)
  2 black bears
  2 phantoms
  17 ogres
  14 wolves
  2 centaurs
  16 crocodiles
  3 big kobolds
  21 bullfrogs
  A water moccasin zombie (D:8)
  A scorpion (D:11)
  13 killer bees
  4 wights (D:12)
  An electric eel (Lair:4)
  6 howler monkeys
  4 crimson imps
  5 jellies (D:10)
  A bullfrog skeleton (D:7)
  11 orc priests
  9 hounds
  18 orc wizards
  4 centaur skeletons
  7 iguanas
  6 worker ants
  2 hell rats (Lair:3)
  3 gnolls (D:4)
  5 river rats (Lair:3)
  13 adders
  A howler monkey skeleton (D:4)
  A shadow imp (D:8)
  9 oozes
  An adder skeleton (D:4)
  A worm (D:2)
  A dart slug (D:5)
  10 leopard geckos
  62 orcs
  3 giant cockroaches
  3 goblins
  3 hobgoblins
  15 jackals
  2 quokkas
  5 bats
  2 frilled lizards (D:4)
  12 kobolds
  11 rats
  A fungus (Lair:6)
525 creatures vanquished.

Vanquished Creatures (collateral kills)
  2 two-headed ogres
  An ogre (Orc:2)
  An orc (Orc:1)
4 creatures vanquished.

Vanquished Creatures (others)
  A killer bee (D:9)
  7 fungi
  2 plants (Lair:6)
10 creatures vanquished.

Grand Total: 539 creatures vanquished

Notes
Turn   | Place    | Note
-------+----------+-------------------------------------------
     0 | D:1      | varam the Spriggan Enchanter began the quest for the Orb.
     0 | D:1      | Reached XP level 1. HP: 9/9 MP: 5/5
    36 | D:1      | You fall through a shaft!
    43 | D:3      | Found a snail-covered altar of Cheibriados.
   317 | D:1      | Reached XP level 2. HP: 13/13 MP: 6/6
   335 | D:1      | Reached skill level 5 in Stealth
  1159 | D:2      | Reached skill level 2 in Short Blades
  1320 | D:2      | Learned a level 2 spell: Ensorcelled Hibernation
  1464 | D:2      | HP: 1/13 [jackal (2)]
  1946 | D:2      | Reached XP level 3. HP: 16/16 MP: 5/8
  2610 | D:3      | Reached skill level 6 in Stealth
  2639 | D:3      | Noticed a black bear
  2806 | D:3      | Reached skill level 3 in Short Blades
  2889 | D:3      | Reached XP level 4. HP: 8/21 MP: 2/9
  3077 | D:2      | Learned a level 3 spell: Confuse
  3512 | D:3      | Found a sacrificial altar of Ru.
  3727 | D:3      | Killed a black bear
  3727 | D:3      | Reached skill level 4 in Short Blades
  3727 | D:3      | Reached skill level 7 in Stealth
  3727 | D:3      | Reached XP level 5. HP: 24/24 MP: 10/10
  3749 | D:3      | Found a basalt altar of Yredelemnul.
  3834 | D:3      | Reached skill level 8 in Stealth
  3961 | D:4      | Reached XP level 6. HP: 28/28 MP: 7/11
  4059 | D:4      | Reached skill level 3 in Spellcasting
  4294 | D:4      | Reached skill level 4 in Hexes
  4339 | D:4      | Got a pitted short sword
  4340 | D:4      | Identified the +8 short sword of Fouciuck {pierce, +Rage +Fly Stlth+} (You found it on level 4 of the Dungeon)
  4940 | D:4      | Found a blossoming altar of Fedhas.
  4942 | D:4      | Found a stormy altar of Qazlal.
  4946 | D:4      | Reached skill level 4 in Spellcasting
  5079 | D:5      | Entered Level 5 of the Dungeon
  5136 | D:5      | Reached skill level 5 in Hexes
  5136 | D:5      | Reached XP level 7. HP: 18/32 MP: 2/14
  5323 | D:6      | Reached skill level 5 in Spellcasting
  5361 | D:5      | Found a shadowy altar of Dithmenos.
  5434 | D:5      | Found a deep blue altar of Sif Muna.
  5496 | D:5      | Reached skill level 6 in Hexes
  5819 | D:6      | Reached skill level 6 in Spellcasting
  5935 | D:6      | Reached skill level 1 in Fighting
  5935 | D:6      | Reached XP level 8. HP: 37/37 MP: 11/18
  6000 | D:6      | Reached skill level 4 in Dodging
  6103 | D:7      | Reached skill level 2 in Fighting
  6186 | D:6      | Reached skill level 5 in Dodging
  6432 | D:7      | Reached skill level 6 in Dodging
  6485 | D:7      | Reached skill level 3 in Fighting
  6655 | D:7      | Reached skill level 5 in Short Blades
  6688 | D:7      | Found a staircase to the Ecumenical Temple.
  6767 | Temple   | Entered the Ecumenical Temple
  6890 | Temple   | Became a worshipper of Gozag Ym Sagoz the Greedy
  7156 | D:7      | Reached skill level 9 in Stealth
  7950 | D:8      | Reached skill level 6 in Short Blades
  8006 | D:8      | Reached XP level 9. HP: 44/44 MP: 19/19
  8111 | D:8      | Reached skill level 10 in Stealth
  8413 | D:8      | Noticed Erica
  8426 | D:8      | Killed Erica
  8426 | D:8      | Reached skill level 7 in Short Blades
  8426 | D:8      | Reached skill level 11 in Stealth
  8866 | D:8      | Reached skill level 8 in Short Blades
  8890 | D:8      | Reached skill level 12 in Stealth
  8901 | D:8      | Reached skill level 7 in Hexes
  9245 | D:9      | Noticed Erolcha
  9256 | D:9      | Killed Erolcha
  9256 | D:9      | Reached skill level 9 in Hexes
  9256 | D:9      | Reached XP level 10. HP: 49/49 MP: 11/20
  9606 | D:9      | Found a hide-covered altar of Uskayaw.
  9811 | D:9      | Noticed ThereIsNoGod's ghost (novice SpVM)
  9831 | D:9      | Killed ThereIsNoGod's ghost
  9831 | D:9      | Reached skill level 4 in Fighting
 10063 | D:9      | Noticed a two-headed ogre
 10100 | D:9      | Killed a two-headed ogre
 10100 | D:9      | Reached skill level 5 in Fighting
 10128 | D:9      | Noticed Grum
 10301 | D:10     | Entered Level 10 of the Dungeon
 10302 | D:10     | Reached skill level 6 in Fighting
 10390 | D:10     | Reached skill level 10 in Hexes
 10564 | D:10     | Reached skill level 9 in Short Blades
 10840 | D:10     | Reached skill level 10 in Short Blades
 10853 | D:10     | Reached XP level 11. HP: 43/56 MP: 2/21
 10908 | D:10     | Reached skill level 7 in Dodging
 11502 | D:11     | Reached skill level 8 in Dodging
 11818 | D:11     | Found a staircase to the Orcish Mines.
 11849 | D:11     | Reached skill level 9 in Dodging
 11851 | D:11     | Noticed an unseen horror
 11869 | D:11     | Killed an unseen horror
 11935 | D:11     | Noticed a cyan ugly thing
 11952 | D:11     | Killed a cyan ugly thing
 11952 | D:11     | Reached skill level 13 in Stealth
 11993 | D:11     | Found a staircase to the Lair.
 12014 | D:11     | Reached skill level 10 in Dodging
 12057 | D:11     | Noticed a death yak
 12070 | D:11     | Learned a level 3 spell: Dazzling Spray
 12240 | D:11     | Killed a death yak
 12787 | D:12     | Noticed a two-headed ogre
 12788 | D:12     | Noticed Gastronok
 12872 | D:12     | Reached skill level 14 in Stealth
 12927 | D:12     | Killed Gastronok
 12927 | D:12     | Reached skill level 11 in Dodging
 12945 | D:12     | Learned a level 2 spell: Sticks to Snakes
 13034 | D:12     | Reached skill level 15 in Stealth
 13076 | D:12     | Reached skill level 1 in Transmutations
 13088 | D:12     | Noticed Urug
 13125 | D:13     | Noticed a centaur warrior
 13317 | D:12     | Killed Urug
 13323 | D:12     | Killed a two-headed ogre
 13323 | D:12     | Reached skill level 2 in Transmutations
 13606 | D:12     | Noticed Harold
 13663 | Lair:1   | Entered Level 1 of the Lair of Beasts
 13819 | Lair:1   | Reached XP level 12. HP: 61/61 MP: 14/22
 13916 | Lair:1   | Reached skill level 3 in Transmutations
 14099 | Lair:1   | Reached skill level 4 in Transmutations
 14132 | Lair:1   | Reached skill level 12 in Dodging
 14919 | Lair:2   | Reached skill level 16 in Stealth
 14989 | Lair:2   | Reached skill level 1 in Shields
 15247 | Lair:2   | Reached skill level 2 in Shields
 15501 | Lair:2   | Reached skill level 7 in Fighting
 16203 | Lair:3   | Reached skill level 3 in Shields
 17162 | Lair:4   | Reached skill level 4 in Shields
 17230 | Lair:4   | Got ruby-encrusted ice dragon scales
 17279 | Lair:4   | Identified the +1 ice dragon scales "Ocwaempi" {rF- rC++ MR+ rCorr Dex+8} (You found it on level 4 of the Lair of Beasts)
 17478 | Lair:4   | Noticed an eight-headed hydra
 17482 | Lair:4   | Noticed Duffy's ghost (journeyman SpEn)
 17504 | Lair:4   | Killed a three-headed hydra
 17504 | Lair:4   | Reached skill level 17 in Stealth
 17748 | D:11     | Bought a scroll of identify for 20 gold pieces
 17748 | D:11     | Bought a scroll of identify for 20 gold pieces
 17748 | D:11     | Bought a scroll of identify for 20 gold pieces
 17748 | D:11     | Bought a scroll of identify for 20 gold pieces
 18053 | Lair:4   | Found a staircase to the Shoals.
 18058 | Lair:4   | Reached skill level 1 in Evocations
 18156 | Lair:4   | Reached XP level 13. HP: 68/68 MP: 23/23
 18274 | Lair:4   | Killed Duffy's ghost
 18274 | Lair:4   | Reached skill level 8 in Fighting
 18274 | Lair:4   | Reached skill level 2 in Evocations
 18349 | Lair:4   | Found a hole to the Spider Nest.
 18714 | Lair:5   | Reached skill level 3 in Evocations
 18923 | Lair:6   | Entered Level 6 of the Lair of Beasts
 19363 | Lair:5   | Reached skill level 4 in Evocations
 19678 | Lair:5   | Reached skill level 5 in Evocations
 19749 | Lair:5   | Reached skill level 18 in Stealth
 20021 | Lair:5   | Reached skill level 6 in Evocations
 20447 | Lair:6   | Reached skill level 9 in Fighting
 20464 | Lair:6   | Found a viscous altar of Jiyva.
 20466 | Lair:6   | Found a staircase to the Slime Pits.
 20543 | Lair:6   | Reached skill level 7 in Evocations
 21062 | Lair:6   | Reached skill level 8 in Evocations
 21064 | Lair:6   | Reached skill level 19 in Stealth
 21069 | Lair:6   | Reached XP level 14. HP: 70/75 MP: 9/24
 21380 | Lair:6   | Reached skill level 9 in Evocations
 22231 | Lair:6   | Reached skill level 10 in Fighting
 22798 | Orc:1    | Entered Level 1 of the Orcish Mines
 23056 | Orc:1    | Reached skill level 10 in Evocations
 23383 | Orc:2    | Entered Level 2 of the Orcish Mines
 23608 | Orc:2    | Found a staircase to the Elven Halls.
 23608 | Orc:2    | Found Izoskuawu's Gadget Shoppe.
 23636 | Orc:2    | Noticed an orc warlord
 23693 | Orc:1    | Reached skill level 20 in Stealth
 23735 | Orc:1    | Killed an orc warlord
 24527 | Orc:2    | Reached skill level 13 in Dodging
 24541 | Orc:2    | Killed from afar by an ogre mage

Vault maps used:
D:1:      dpeg_arrival_arbitrary_c
D:3:      yredelemnul_altar_generic, grunt_temple_overflow_open
D:4:      grunt_temple_overflow_forces_of_nature, first_ration,
          kennysheep_opposing_triangles
D:5:      overflow_temple_1_default, led_sif_book, grunt_decor_mini_mirrors
D:7:      minmay_temple_entry_butterflies
D:8:      uniq_erica
D:9:      lemuel_crystal_altar, uniq_erolcha, uniq_grum
D:10:     minmay_goldmine, hangedman_little_slice_of_home, st_stairs_10
D:11:     david_lair_generic, david_orc_2
D:12:     minmay_tree_intersection, evilmike_surprise_oklob, uniq_urug,
          uniq_harold, uniq_gastronok
D:13:     david_vaults_5, serial_bayou_lake_a
Temple:   eino_narrow_crystal_temple
Lair:1:   serial_forest, infiniplex_forest_corner_2,
          infiniplex_forest_clump_large, infiniplex_forest_end_2,
          infiniplex_forest_join, infiniplex_forest_straight_3,
          infiniplex_forest_pool, infiniplex_forest_straight_3,
          infiniplex_forest_lined_room_2, lemuel_fruit_fields
Lair:2:   grunt_megastairs_1, infiniplex_staircase_pool
Lair:3:   small_statue_intersection, kennysheep_abandoned_house,
          serial_bayou_shore_b, lemuel_fruit_fields, grunt_megastairs_5
Lair:4:   minmay_shoals_entry_hut, spider_nest_entry_funnel_web
Lair:5:   special_room, lemuel_fruit_tree, grunt_megastairs_3,
          infiniplex_staircase_pool_2, lemuel_fruit_fields
Lair:6:   grunt_lair_end_beastmaster, slime_altar_1, guppyfry_lair_drakes
Orc:1:    serial_shops, shop_fountains, elf_legates
Orc:2:    st_orc_ogre_mass, serial_shops, shop_coins

Skill      XL: |  1  2  3  4  5  6  7  8  9 10 11 12 13 14 |
---------------+-------------------------------------------+-----
Stealth        | 5 6 7 8 9 12 15 17 19 20 | 20.4
Short Blades   | 2 3 4 6 8 10 | 10.0
Spellcasting   | 4 6 |  6.1
Hexes          | 5 6 9 10 | 10.0
Fighting       | 1 3 6 7 9 10 | 10.0
Dodging        | 6 11 12 13 | 13.0
Transmutations | 2 4 |  4.0
Shields        | 4 |  4.0
Evocations     | 1 8 10 | 10.0

Action                   |  1- 3 |  4- 6 |  7- 9 | 10-12 | 13-15 || total
-------------------------+-------+-------+-------+-------+-------++-------
Melee: Dagger            |   115 |    85 |       |       |       ||   200
       Short sword       |       |    30 |   154 |   528 |   505 ||  1217
       Scimitar          |       |       |     4 |     7 |       ||    11
 Cast: Corona            |    24 |    13 |    13 |    12 |     6 ||    68
       Ensorcelled Hiber |    20 |    17 |    22 |    35 |    17 ||   111
       Confuse           |       |     7 |    33 |   102 |   102 ||   244
       Dazzling Spray    |       |       |       |     6 |    46 ||    52
       Sticks to Snakes  |       |       |       |     5 |     7 ||    12
Invok: Potion Petition   |       |       |       |     1 |       ||     1
       Call Merchant     |       |       |       |     1 |       ||     1
Evoke: Wand              |       |       |       |     3 |    14 ||    17
       Lightning rod     |       |       |       |       |     2 ||     2
       Phantom mirror    |       |       |       |       |     1 ||     1
  Use: Scroll            |     4 |     6 |       |    24 |     7 ||    41
       Potion            |       |       |       |     1 |       ||     1
 Stab: Sleeping          |    19 |    14 |    33 |    74 |    36 ||   176
       Confused          |       |     2 |    10 |    55 |    48 ||   115
       Distracted        |       |       |       |     7 |    14 ||    21
       Invisible         |       |       |       |     2 |    16 ||    18
       Paralysed         |       |       |       |       |     2 ||     2
  Eat: Ration            |     1 |     1 |     3 |     7 |     7 ||    19
Armor: Robe              |    11 |     6 |    11 |    20 |    16 ||    64
Dodge: Dodged            |   117 |   104 |   124 |   264 |   343 ||   952
Block: Other             |       |       |       |    11 |       ||    11
       Buckler           |       |       |       |       |   107 ||   107
       Rpst.: Scimitar   |       |       |     1 |     1 |       ||     2

Table legend:
 A = Spawn XP
 B = Non-spawn XP
 C = Spawn XP percentage of total XP
 D = Spawn monster count
 E = Non-spawn monster count
 F = Spawn count percentage of total count
 G = Total turns spent on level
                    A         B        C        D         E        F      G
               +---------+---------+-------+---------+---------+-------+---------
         Total |       0 |   86392 |   0.0 |       0 |     529 |   0.0 | 24541
               +---------+---------+-------+---------+---------+-------+---------
           D:1 |       0 |      11 |   0.0 |       0 |       5 |   0.0 |   871
           D:2 |       0 |      48 |   0.0 |       0 |      16 |   0.0 |  2156
           D:3 |       0 |     304 |   0.0 |       0 |      24 |   0.0 |   919
           D:4 |       0 |     305 |   0.0 |       0 |      16 |   0.0 |  1133
           D:5 |       0 |     283 |   0.0 |       0 |      12 |   0.0 |   516
           D:6 |       0 |     818 |   0.0 |       0 |      19 |   0.0 |   681
           D:7 |       0 |     754 |   0.0 |       0 |      25 |   0.0 |  1390
           D:8 |       0 |    2345 |   0.0 |       0 |      20 |   0.0 |  1415
           D:9 |       0 |    3393 |   0.0 |       0 |      25 |   0.0 |  1071
          D:10 |       0 |    3936 |   0.0 |       0 |      57 |   0.0 |  1147
          D:11 |       0 |    4526 |   0.0 |       0 |      26 |   0.0 |  1446
          D:12 |       0 |    5054 |   0.0 |       0 |      23 |   0.0 |   938
          D:13 |       0 |      36 |   0.0 |       0 |       1 |   0.0 |    11
        Lair:1 |       0 |    3997 |   0.0 |       0 |      21 |   0.0 |  1304
        Lair:2 |       0 |    4989 |   0.0 |       0 |      20 |   0.0 |  1307
        Lair:3 |       0 |    3744 |   0.0 |       0 |      31 |   0.0 |  1055
        Lair:4 |       0 |    6537 |   0.0 |       0 |      24 |   0.0 |  1501
        Lair:5 |       0 |   11835 |   0.0 |       0 |      35 |   0.0 |  1768
        Lair:6 |       0 |   22604 |   0.0 |       0 |      55 |   0.0 |  2020
         Orc:1 |       0 |    7615 |   0.0 |       0 |      50 |   0.0 |  1526
         Orc:2 |       0 |    3258 |   0.0 |       0 |      24 |   0.0 |   217
               +---------+---------+-------+---------+---------+-------+---------
